 Dungeon Crawl Stone Soup version 0.27-a0-633-gc6addc0a40 (webtiles) character file.

Game seed: 2842648072518291306

93 scammafunk the Chiller (level 4, -4/33 HPs)
             Began as a Draconian Ice Elementalist on Mar 13, 2021.
             Was an Initiate of Sif Muna.
             Slain by an orc wizard
             ... wielding a +0 dagger
              (5 damage)
             ... on level 3 of the Dungeon.
             The game lasted 00:09:37 (1811 turns).

scammafunk the Chiller (Draconian Ice Elementalist) Turns: 1811, Time: 00:09:38

Health: -4/33      AC:  7    Str: 10    XL:     4   Next: 37%
Magic:  4/8        EV: 12    Int: 17    God:    Sif Muna [......]
Gold:   49         SH:  0    Dex: 11    Spells: 1/8 levels left

rFire    x . .     SeeInvis .   p - +3 quarterstaff (chaos)
rCold    + . .     Faith    .   (shield currently unavailable)
rNeg     . . .     Spirit   .   (armour unavailable)
rPois    .         Reflect  .   (helmet restricted)
rElec    .         Harm     .   q - +1 cloak {rCorr}
rCorr    +         Rampage  .   (no gloves)
Will     .....                  (no boots)
Stlth    +.........             (no amulet)
HPRegen  0.11/turn              r - ring of ice
MPRegen  0.11/turn              (no ring)

@: confused
A: AC +5, unfitting armour, cold-blooded
a: Renounce Religion


You were on level 3 of the Dungeon.
You worshipped Sif Muna.
Sif Muna was noncommittal.
You visited 1 branch of the dungeon, and saw 3 of its levels.

You collected 49 gold pieces.

Inventory:

Hand Weapons
 a - a +3 whip
 e - a +2 vorpal mace
 p - a +3 quarterstaff of chaos (weapon)
Armour
 q - a +1 cloak of preservation (worn)
Jewellery
 r - a ring of ice (right hand)
Scrolls
 b - 3 scrolls of identify {unknown}
 c - a scroll of enchant weapon {unknown}
 d - a scroll of fog {unknown}
 f - a scroll of random uselessness {unknown}
 g - a scroll of blinking {unknown}
 m - a scroll of fear {unknown}
Potions
 h - a potion of mutation {unknown}
 i - 2 potions of curing {unknown}
 j - 3 potions of berserk rage {unknown}
 k - a potion of might {unknown}
 l - a potion of heal wounds {unknown}
 n - a potion of haste {unknown}
 o - a potion of degeneration {unknown}


   Skills:
 - Level 1.7 Dodging
 - Level 1.9 Stealth
 - Level 0.4 Unarmed Combat
 + Level 2.8 Spellcasting
 * Level 5.2 Ice Magic


You had one spell level left.
You knew the following spells:

 Your Spells              Type           Power      Damage    Failure   Level
a - Freeze                Ice            100%       1d11      1%          1
b - Ozocubu's Armour      Ice            30%        N/A       6%          3
c - Frozen Ramparts       Ice            60%        1d8       6%          3

Your spell library contained the following spells:

 Spells                   Type           Power      Damage    Failure   Level
 Hailstorm                Conj/Ice       17%        3d6       52%         4
 Summon Ice Beast         Ice/Summ       17%        N/A       52%         4


Dungeon Overview and Level Annotations

Branches:
Dungeon (3/15)

Altars:
Elyvilon
Sif Muna


Innate Abilities, Weirdness & Mutations

Your plain brown scales are hard. (AC +5)
You cannot fit into any form of body armour.
You are cold-blooded and may be slowed by cold attacks.


Message History

Press: ? - help, Dir - look around, f - activate You feel a surge of power!
The walls around you are covered in ice.
The wall freezes the bat.
The bat hits you but does no damage.
The wall freezes the bat.
The bat closely misses you.
The wall freezes the bat.
You kill the bat!
Sif Muna accepts your kill.
The wall freezes the orc priest.
You hit the orc priest.
The orc priest suddenly seems more agile.
The orc priest is heavily wounded.
The wall freezes the orc priest.
The orc priest barely misses you.
The wall freezes the goblin.
You hit the orc priest. You burn the orc priest.
The orc priest is severely wounded.
The wall freezes the orc priest.
You kill the orc priest!
Sif Muna accepts your kill.
The wall freezes the goblin.
You kill the goblin!
Sif Muna accepts your kill.
The wall freezes something.
You hear some strange, mumbled words.
Something tries to affect you, but you resist.
You have reached level 4!
You feel clever.
The wall freezes something!
The wall freezes something.
You hear some strange, mumbled words.
You are confused.
The wall freezes the orc.
You're too confused to cast spells.
The frozen ramparts melt away.
Something hits you.
* * * LOW HITPOINT WARNING * * *
Unknown command.
You bump into the rock wall.
Something hits you but does no damage.
You miss something. Something hits you but does no damage. Something hits you.
* * * LOW HITPOINT WARNING * * *
You're too confused to move!
Something hits you.
You die...

#.###.......................#
#.#
#.###.#########.######..##
#.# #.# #.# #)# #..8#
###.###.###.##### #.# #..##
#...............# #.# ##..#
#.#.#<....#.###.#
#.#####...## #.#.........#
#.# #.#.......⌠#
#.###.....### #.#
#.#.###.).## #.# #.....# #@#
#.#.#o....## #.# #.##### #{#
#.#.#.##..## #.# #.#
#o#####g#o#.##.o8# #.# #.#
#...b)o.....##..## #.# #>#
##############..# #.# #.#
#.o.## ##.# #.# #.g.8# ...#
#...## #### #....?


You could see an orc.

Vanquished Creatures
  An orc priest (D:3)
  Crazy Yiuf (D:2)
  A dart slug (D:1)
  A leopard gecko (D:3)
  2 orcs (D:3)
  3 bats
  8 goblins
  4 hobgoblins
  A quokka (D:2)
  2 ball pythons
  A frilled lizard (D:2)
  4 kobolds
  3 rats
32 creatures vanquished.

Vanquished Creatures (others)
  A fungus (D:2)
  2 plants (D:2)
3 creatures vanquished.

Grand Total: 35 creatures vanquished

Notes
Turn   | Place    | Note
-------+----------+-------------------------------------------
     0 | D:1      | scammafunk the Draconian Ice Elementalist began the quest
                  | for the Orb.
     0 | D:1      | Reached XP level 1. HP: 14/14 MP: 3/3
   199 | D:1      | Reached XP level 2. HP: 20/20 MP: 5/5
   858 | D:2      | Found a shimmering blue altar of Sif Muna.
   858 | D:2      | Found a white marble altar of Elyvilon.
   866 | D:2      | Became a worshipper of Sif Muna the Loreminder
  1121 | D:2      | Found a runed translucent door.
  1122 | D:2      | Noticed Crazy Yiuf
  1129 | D:2      | Killed Crazy Yiuf
  1130 | D:2      | Reached XP level 3. HP: 11/26 MP: 3/6
  1452 | D:3      | Found a faded altar of an unknown god.
  1475 | D:3      | Learned a level 3 spell: Ozocubu's Armour
  1479 | D:3      | Learned a level 3 spell: Frozen Ramparts
  1795 | D:3      | Reached skill level 5 in Ice Magic
  1796 | D:3      | HP: 1/26 [orc priest/divine providence (12)]
  1805 | D:3      | Reached XP level 4. HP: 3/33 MP: 3/8
  1810 | D:3      | HP: 1/33 [something (2)]
  1811 | D:3      | Slain by an orc wizard

Illustrated notes

Levels and vault maps discovered:
D:1:      wander_arrival_abandoned_jail, layout_rooms
D:2:      layout_rooms, chequers_temple_overflow_statue_of_worship,
          guppyfry_early_lair_pool, uniq_crazy_yiuf_cottage
D:3:      layout_loops_ring, riverfiend_overflow_shadow_ancestor,
          ebering_ghost_reflecting_pool, chequers_ecumenical_altar_simple_redux,
          chequers_hall_statues_wall_a

Skill      XL: |  1  2  3 |
---------------+----------+-----
Ice Magic      | 5 |  5.2
Dodging        | |  1.7
Stealth        | |  1.9
Unarmed Combat | |  0.4
Spellcasting   | |  2.8

Action                   |  1- 3 |  4- 6 || total
-------------------------+-------+-------++-------
Melee: Unarmed           |     6 |       ||     6
       Whip              |     4 |       ||     4
       Mace              |    22 |       ||    22
       Tailslap          |     2 |       ||     2
       Quarterstaff      |    11 |     1 ||    12
 Cast: Freeze            |    18 |       ||    18
       Frozen Ramparts   |     2 |       ||     2
 Stab: Sleeping          |     3 |       ||     3
Armor: Skin              |    13 |       ||    13
Dodge: Dodged            |    31 |       ||    31

Table legend: (Time is in decaauts)
 A = Elapsed time spent in this place.
 B = Non-inter-level travel time spent in this place.
 C = Inter-level travel time spent in this place.
 D = Time resting spent in this place.
 E = Time spent auto-exploring this place.
 F = Levels seen in this place.
 G = Mean time per level.
                   A        B        C        D        E       F      G
               +--------+--------+--------+--------+--------+-----+--------+
         Total |   1823 |   1785 |     38 |    239 |    955 |   3 |  607.7 |
       Dungeon |   1823 |   1785 |     38 |    239 |    955 |   3 |  607.7 |
               +--------+--------+--------+--------+--------+-----+--------+

Top non-repeatable levels by time:
     D:1: 733 daAuts
     D:2: 604 daAuts
     D:3: 485 daAuts
